 Dungeon Crawl Stone Soup version 0.19.5 (webtiles) character file.

983 Enroth the Basher (level 8, -1/84 HPs)
             Began as an Ogre Berserker on May 10, 2017.
             Was a Priest of Trog.
             Succumbed to mezla's ghost's poison
             ... on level 5 of the Dungeon.
             The game lasted 00:11:55 (3710 turns).

Enroth the Basher (Ogre Berserker)                  Turns: 3710, Time: 00:11:55

Health: -1/84      AC:  5    Str: 28    XL:     8   Next: 17%
Magic:  8/8        EV: 18    Int:  6    God:    Trog [***...]
Gold:   327        SH:  0    Dex: 18    Spells: 0 memorised, 7 levels left

rFire  . . .     SeeInvis .     a - +0 mace
rCold  . . .     Gourm    +     m - +2 robe {MR+}
rNeg   . . .     Faith    .     (no shield)
rPois  .         Spirit   .     (helmet restricted)
rElec  .         Reflect  .     (no cloak)
rCorr  .         Harm     .     (gloves unavailable)
MR     +....                    (boots unavailable)
Stlth  +++.......               e - amulet of the gourmand
                                (no ring)
                                w - +2 ring of dexterity

@: mighty, agile, lethally poisoned (-1 -> -9), exhausted, slowed, very slow
A: unfitting armour, tough skin 1
a: Berserk, Trog's Hand, Burn Spellbooks, Renounce Religion


You were on level 5 of the Dungeon.
You worshipped Trog.
Trog was most pleased with you.
You were very full.

You visited 1 branch of the dungeon, and saw 5 of its levels.

You collected 327 gold pieces.

Inventory:

Hand Weapons
 a - a +0 mace (weapon)
Armour
 m - a +2 robe of magic resistance (worn)
Jewellery
 e - an amulet of the gourmand (around neck)
 w - a +2 ring of dexterity (left hand)
Wands
 o - a wand of confusion (20/48)
Scrolls
 b - 8 scrolls of identify {unknown}
 d - 3 scrolls of remove curse {unknown}
 h - a scroll of enchant weapon {unknown}
 k - 3 scrolls of noise {unknown}
 l - 3 scrolls of amnesia {unknown}
 p - a scroll of recharging {unknown}
 v - a scroll of random uselessness {unknown}
Potions
 g - a potion of berserk rage
 j - 2 potions of agility
 n - a potion of cancellation {unknown}
 q - a potion of ambrosia {unknown}
 s - a potion of invisibility {unknown}
Comestibles
 c - 3 bread rations
 f - 4 fruits
 r - a meat ration
 t - 2 royal jellies
 u - 3 chunks of flesh


   Skills:
 + Level 6.8 Fighting
 + Level 9.7 Maces & Flails
 + Level 0.6 Throwing
 + Level 4.6 Dodging
 + Level 0.7 Stealth


You had 7 spell levels left.
You didn't know any spells.

Dungeon Overview and Level Annotations

Branches:
Dungeon (5/15)
 Temple: D:4-7

Altars:
Cheibriados
Dithmenos
Xom
The Shining One
Beogh

Shops:
D:5 =


Innate Abilities, Weirdness & Mutations

You are too large for most types of armour.
You have tough skin. (AC +1)


Message History

You bludgeon the gnoll!!
You kill the gnoll!
Trog accepts your kill.
You are no longer berserk.
You are exhausted.
You feel yourself slow down.
You feel sick. The gnoll barely misses you.
Things that are here:
a whip; a gnoll corpse x2
You closely miss the gnoll.
You feel sick. The gnoll closely misses you.
You barely miss the gnoll.
You feel sick. The gnoll hits you with a spear!
* * * LOW HITPOINT WARNING * * *
It was a potion of might.
You feel very mighty all of a sudden.
* * * LOW HITPOINT WARNING * * *
You feel sick. The gnoll hits you but does no damage.
The gnoll hits you with a spear.
* * * LOW HITPOINT WARNING * * *
It was a potion of agility.
You feel agile all of a sudden.
You die...

#. ######## .
#.(##....(.# .......
..g...g....##......
................/.
#..g...# #... ####...#
#.. #...###.# ...
#.....#.###### ....
#...#...g@...####....
#....#..####.#.......
##........##........#
###............#.....#
#.....#..............#
....>...........#<......#
.........#........#.....#
.........#......#....(..#
[.......................#


You could see a gnoll.

Vanquished Creatures
  The ghost of mezla the Cleaver, a novice HOCK of Xom (D:5)
  An ogre (D:4)
  A scorpion (D:4)
  6 hounds (D:4)
  2 orc wizards (D:4)
  3 orc priests (D:4)
  A worker ant (D:3)
  A worker ant zombie (D:5)
  2 gnolls (D:5)
  5 adders
  2 oozes (D:2)
  3 worms (D:2)
  3 dart slugs
  4 leopard geckos
  11 orcs
  3 giant cockroaches
  13 goblins
  8 hobgoblins
  2 jackals (D:2)
  3 quokkas
  6 bats
  7 frilled lizards
  10 kobolds
  A leopard gecko skeleton (D:4)
  9 rats
108 creatures vanquished.

Notes
Turn   | Place    | Note
-------+----------+-------------------------------------------
     0 | D:1      | Enroth the Ogre Berserker began the quest for the Orb.
     0 | D:1      | Reached XP level 1. HP: 24/24 MP: 1/1
   136 | D:1      | Reached XP level 2. HP: 5/32 MP: 2/2
   914 | D:2      | Reached XP level 3. HP: 40/40 MP: 3/3
  1063 | D:2      | Reached ** piety under Trog
  1236 | D:2      | Found a snail-covered altar of Cheibriados.
  1300 | D:2      | Reached skill level 5 in Maces & Flails
  1388 | D:2      | Reached XP level 4. HP: 31/49 MP: 4/4
  1612 | D:2      | Found a glowing golden altar of the Shining One.
  1746 | D:3      | Found a shimmering altar of Xom.
  2183 | D:3      | Found a shadowy altar of Dithmenos.
  2193 | D:3      | Reached XP level 5. HP: 52/55 MP: 5/5
  2265 | D:3      | Reached skill level 6 in Maces & Flails
  2317 | D:3      | Reached skill level 5 in Fighting
  2799 | D:4      | Reached skill level 7 in Maces & Flails
  2799 | D:4      | Reached XP level 6. HP: 54/66 MP: 6/6
  2900 | D:4      | Reached *** piety under Trog
  2909 | D:4      | Reached skill level 8 in Maces & Flails
  2914 | D:4      | Reached XP level 7. HP: 72/72 MP: 7/7
  3091 | D:4      | Found a roughly hewn altar of Beogh.
  3629 | D:5      | Entered Level 5 of the Dungeon
  3651 | D:5      | Reached skill level 9 in Maces & Flails
  3659 | D:5      | Noticed mezla's ghost (novice HOCK)
  3660 | D:5      | Found Reig's Jewellery Shoppe.
  3701 | D:5      | Killed mezla's ghost
  3701 | D:5      | Reached XP level 8. HP: 36/84 MP: 8/8
  3709 | D:5      | HP: 1/84 [gnoll/spear (5)]
  3710 | D:5      | Succumbed to mezla's ghost's poison

Skill      XL: |  1  2  3  4  5  6  7 |
---------------+----------------------+-----
Dodging        | 3 4 |  4.6
Maces & Flails | 5 7 8 9 |  9.7
Fighting       | 5 6 |  6.8
Throwing       | |  0.6
Stealth        | |  0.7

Action                   |  1- 3 |  4- 6 |  7- 9 || total
-------------------------+-------+-------+-------++-------
Melee: Mace              |   108 |   148 |    98 ||   354
Throw: Stone             |       |     6 |       ||     6
Invok: Berserk           |       |     4 |     3 ||     7
  Use: Potion            |     1 |     3 |     2 ||     6
  Eat: Chunk             |     1 |    19 |     6 ||    26
       Fruit             |       |     3 |       ||     3
Armor: Animal skin       |    24 |       |       ||    24
       Robe              |     6 |    55 |    28 ||    89
Dodge: Dodged            |    46 |    91 |    52 ||   189
